 Dungeon Crawl Stone Soup version 0.31.0-12-g77e489cdc1 (webtiles) character file.

Game seed: 10853501071067326729

58 Gadfly the Insei (level 3, -2/29 HPs)
             Began as a Demonspawn Monk on Feb 12, 2024.
             Slain by a gnoll
             ... wielding a +0 spear
              (4 damage)
             ... on level 2 of the Dungeon.
             The game lasted 00:01:07 (1025 turns).

Gadfly the Insei (Demonspawn Monk)                  Turns: 1025, Time: 00:01:07

Health: -2/29      AC:  2    Str: 13    XL:     3   Next: 76%
Magic:  3/3        EV: 18    Int: 10    God:
Gold:   36         SH:  0    Dex: 15    Spells: 2/2 levels left

rFire   . .          .
                       - Unarmed
rCold   . . .        c - orb {light}
rNeg    . . .        a - +0 robe
rPois   .            (no helmet)
rElec   .            (no cloak)
rCorr   .            (no gloves)
SInv    .            (no boots)
Will    .....        (no amulet)
Stlth   +            (no ring)
HPRegen 0.24/turn    (no ring)
MPRegen 0.08/turn

%: no passive effects
@: agile, glowing
A: hooves 1, powered by pain 1
a: no special abilities


You were on level 2 of the Dungeon.
You visited 1 branch of the dungeon, and saw 2 of its levels.

You collected 36 gold pieces.

Inventory:

Hand Weapons
 i - a +0 long sword
Armour
 a - a +0 robe (worn)
 c - an orb of light (worn)
Talismans
 e - a storm talisman
Scrolls
 d - a scroll of fear
Potions
 b - a potion of ambrosia
 g - a potion of resistance {unknown}
 h - a potion of brilliance {unknown}


   Skills:
 - Level 3.0 Fighting
 + Level 3.0 Dodging
 * Level 3.2 Unarmed Combat
 * Level 1.5 Evocations
 * Level 1.3 Shapeshifting


You had 2 spell levels left.
You didn't know any spells.
Your spell library contained the following spells:

 Spells                   Type           Power      Damage    Failure   Level
 Sandblast                Erth           0%         2d4       36%         1
 Call Canine Familiar     Summ           0%         N/A       75%         3
 Passwall                 Erth           0%         N/A       75%         3
 Sigil of Binding         Hex            0%         N/A       75%         3
 Stone Arrow              Conj/Erth      0%         3d7       75%         3
 Brom's Barrelling Bould  Conj/Erth      0%         2d3       98%         4
 Dimensional Bullseye     Hex/Tloc       0%         N/A       98%         4


Dungeon Overview and Level Annotations

Branches:
Dungeon (2/15)

Altars:


Innate Abilities, Weirdness & Mutations

You have large cloven feet.
You sometimes gain a little power by taking damage.


Message History

You kill the gnoll!
Your life force feels restored.
You see here a +0 whip.
The gnoll closely misses you. The gnoll closely misses you.
The gnoll hits you with a +0 spear.
* * * LOW HITPOINT WARNING * * *
There is a stone staircase leading up here.
You hit the ribbon worm.
The ribbon worm is lightly wounded.
The gnoll completely misses you.
You hit the ribbon worm.
You kick the ribbon worm, but do no damage.
The ribbon worm is heavily wounded.
The ribbon worm expels a string of sticky webbing.
The stream of webbing misses you. The gnoll barely misses you.
You hit the ribbon worm.
The ribbon worm is heavily wounded.
The ribbon worm bites you.
* * * LOW HITPOINT WARNING * * *
The gnoll hits you with a +0 spear.
* * * LOW HITPOINT WARNING * * *
You hit the ribbon worm.
The ribbon worm is severely wounded.
The ribbon worm misses you. The gnoll closely misses you.
You hit the ribbon worm.
The ribbon worm is almost dead.
The ribbon worm closely misses you.
You hit the ribbon worm but do no damage.
The ribbon worm is almost dead.
The gnoll closely misses you.
You hit the ribbon worm but do no damage.
You kick the ribbon worm.
You kill the ribbon worm!
The gnoll closely misses you. The gnoll hits you but does no damage.
The gnoll hits you with a +0 spear.
* * * LOW HITPOINT WARNING * * *
The gnoll hits you from afar with a +0 spear.
You die...

....#.#
#####...#.###
............ ..
#.#[#...#.###..
..............#
..#...#<......#
........g...###
....#..........
#. #.#@....##.
#.###.#.#####
#.........#
..#####)### #.#
#.#####.##
#........# ###
#######..#
............#


You could see a gnoll.

Vanquished Creatures
  2 gnolls (D:2)
  A ribbon worm (D:2)
  2 dart slugs
  3 endoplasms (D:1)
  3 giant cockroaches
  2 goblins (D:1)
  5 hobgoblins
  A quokka (D:1)
  4 ball pythons
  A bat (D:1)
  A frilled lizard (D:1)
  3 kobolds
  5 rats (D:1)
33 creatures vanquished.

Notes
Turn   | Place    | Note
-------+----------+-------------------------------------------
     0 | D:1      | Gadfly the Demonspawn Monk began the quest for the Orb.
     0 | D:1      | Reached XP level 1. HP: 18/18 MP: 1/1
   194 | D:1      | Discovered your monstrous ancestry.
   194 | D:1      | Gained mutation: You have large cloven feet. [demonic
                  | ancestry]
   194 | D:1      | Reached XP level 2. HP: 13/24 MP: 2/2
   450 | D:1      | Found a faded altar of an unknown god.
   500 | D:1      | Reached skill level 1 in Evocations
   750 | D:1      | Reached skill level 1 in Shapeshifting
   925 | D:2      | Gained mutation: You sometimes gain a little power by
                  | taking damage. [demonic ancestry]
   925 | D:2      | Reached XP level 3. HP: 29/29 MP: 3/3
  1025 | D:2      | Slain by a gnoll

Illustrated notes

Levels and vault maps discovered:
D:1:      elethiomel_arrival_infinity_welcomes_careful_drivers,
          layout_loops_ring, shapermc_ecumenical_altar_venn, minmay_heptomino_h4
D:2:      kennysheep_the_goblin_king, layout_basic, serial_bayou_lagoon_a

Skill      XL: |  1  2  3 |
---------------+----------+-----
Evocations     | 1 |  1.5
Unarmed Combat | 3 |  3.2
Shapeshifting  | 1 |  1.3
Dodging        | 3 |  3.0
Fighting       | |  3.0

Action                     || total
---------------------------++-------
  Melee: Unarmed           ||    81
         Kick              ||    19
    Use: Scroll            ||     3
 Armour: Robe              ||    39
  Dodge: Dodged            ||    48
